 Dungeon Crawl Stone Soup version 0.22-a0-78-g0f8607c (webtiles) character file.

746 shenanigans the Skirmisher (level 7, -7/58 HPs)
             Began as a Barachi Monk on Jan 16, 2018.
             Was a Believer of Okawaru.
             Mangled by an ogre
             ... wielding a +0 giant club
              (25 damage)
             ... on level 4 of the Dungeon.
             The game lasted 00:08:34 (5249 turns).

shenanigans the Skirmisher (Barachi Monk)           Turns: 5249, Time: 00:08:35

Health: -7/58      AC: 10    Str: 13    XL:     7   Next: 77%
Magic:  7/7        EV:  8    Int: 12    God:    Okawaru [**....]
Gold:   174        SH:  0    Dex: 14    Spells: 6/6 levels left

rFire    . . .     SeeInvis .   a - +0 war axe
rCold    . . .     Gourm    .   (no shield)
rNeg     + . .     Faith    .   o - +0 chain mail
rPois    +         Spirit   .   w - +0 helmet
rElec    .         Reflect  .   (no cloak)
rCorr    .         Harm     .   (no gloves)
MR       .....                  (no boots)
Stlth    ..........             (no amulet)
HPRegen  0.19/turn              l - ring of poison resistance
MPRegen  0.10/turn              j - ring of positive energy

@: slow
A: +LOS, swims, slowness 1, strong legs 1
a: Hop, Heroism, Renounce Religion


You were on level 4 of the Dungeon.
You worshipped Okawaru.
Okawaru was pleased with you.
You were very hungry.

You visited 1 branch of the dungeon, and saw 4 of its levels.

You collected 174 gold pieces.

Inventory:

Hand Weapons
 a - a +0 war axe (weapon)
 b - a +1 spear of freezing
 t - a +0 hand axe
Armour
 o - a +0 chain mail (worn)
 v - a +0 robe
 w - a +0 helmet (worn)
Jewellery
 j - a ring of positive energy (right hand)
 l - a ring of poison resistance (left hand)
Scrolls
 d - 4 scrolls of identify {unknown}
 e - 3 scrolls of remove curse {unknown}
 f - 2 scrolls of fear {unknown}
 h - 2 scrolls of enchant weapon {unknown}
 i - 5 scrolls of teleportation {unknown}
 n - 2 scrolls of magic mapping {unknown}
 s - a scroll of immolation {unknown}
 x - 2 scrolls of enchant armour {unknown}
Potions
 g - a potion of mutation {unknown}
 k - a potion of degeneration {unknown}
 m - 3 potions of lignification {unknown}
 p - a potion of resistance {unknown}
 q - a potion of curing {unknown}
 u - a potion of flight {unknown}
Comestibles
 c - 12 rations


   Skills:
 + Level 6.1 Fighting
 + Level 5.6 Axes
 + Level 4.7 Armour
 + Level 5.6 Dodging
 - Level 1.7 Stealth


You had 6 spell levels left.
You didn't know any spells.

Dungeon Overview and Level Annotations

Branches:
Dungeon (4/15)
 Temple: D:4-7

Altars:
Fedhas
Okawaru
Trog

Annotations:
D:2 Natasha


Innate Abilities, Weirdness & Mutations

Shadows flee at your approach. (+LOS)
You can swim through water.
You cover ground slowly.
You can hop short distances.


Message History

The ogre is lightly wounded.
You hit the ogre.
The ogre is moderately wounded.
The ogre hits you with a giant club!
You hit the ogre.
The ogre is moderately wounded.
The ogre hits you but does no damage.
You hit the ogre.
The ogre is heavily wounded.
The ogre hits you with a giant club.
You hit the ogre.
The ogre is heavily wounded.
The ogre hits you with a giant club!!
You hit the ogre.
The ogre is severely wounded.
The ogre hits you with a giant club.
You hit the ogre.
The ogre is severely wounded.
The ogre hits you with a giant club!!
You die...

.............####....####
. ............+...........
#. #.........###.....####
#. #......).# #.#.#.# ..
#......#.# #.###.#
#.####.#...##.###.###.#
.###......##+###.........#
.........###.# #####.#####
.#######.# #@# #.#
#.###O### #.# #....l..#
#.# #.......# #.#
#.Z#....# #.# #..##.#.#
#.# #......... ..#
....#.#.### ###.##.#.#


You could see an ogre, a frilled lizard and a quokka skeleton.

Vanquished Creatures
  Eustachio (D:4)
  Duvessa (D:4)
  Blork the orc (D:4)
  Dowan (D:4)
  Crazy Yiuf (D:3)
  A hound (D:4)
  An iguana (D:4)
  Terence (D:3)
  Natasha (D:2)
  2 worker ants (D:4)
  Robin (D:3)
  A gnoll (D:2)
  8 adders
  A worm (D:3)
  3 leopard geckos
  8 orcs
  A ball python (D:2)
  3 giant cockroaches
  16 goblins
  8 hobgoblins
  4 jackals (D:1)
  9 kobolds
  6 quokkas
  11 bats
  5 frilled lizards
  9 rats
105 creatures vanquished.

Vanquished Creatures (others)
  A worm (D:3)
1 creature vanquished.

Grand Total: 106 creatures vanquished

Notes
Turn   | Place    | Note
-------+----------+-------------------------------------------
     0 | D:1      | shenanigans the Barachi Monk began the quest for the Orb.
     0 | D:1      | Reached XP level 1. HP: 18/18 MP: 1/1
   222 | D:1      | Reached XP level 2. HP: 7/25 MP: 2/2
   539 | D:1      | Reached skill level 1 in Armour
  1125 | D:1      | Reached skill level 4 in Fighting
  1127 | D:1      | Reached XP level 3. HP: 11/30 MP: 3/3
  2309 | D:2      | Reached XP level 4. HP: 35/37 MP: 4/4
  2580 | D:2      | Noticed Natasha
  3075 | D:2      | Killed Natasha
  3075 | D:2      | Reached XP level 5. HP: 14/43 MP: 5/5
  3099 | D:2      | Noticed Natasha
  3347 | D:3      | Found an iron altar of Okawaru.
  3448 | D:3      | Noticed Terence
  3502 | D:3      | Became a worshipper of Warmaster Okawaru
  3502 | D:3      | Reached * piety under Okawaru
  3502 | D:3      | Reached ** piety under Okawaru
  3536 | D:3      | Killed Terence
  4028 | D:3      | Found a blossoming altar of Fedhas.
  4029 | D:3      | Found a bloodstained altar of Trog.
  4203 | D:3      | Noticed Robin
  4213 | D:3      | Reached XP level 6. HP: 41/50 MP: 6/6
  4225 | D:3      | Killed Robin
  4225 | D:3      | Reached skill level 5 in Fighting
  4277 | D:3      | Found a runed door.
  4455 | D:3      | Noticed Crazy Yiuf
  4466 | D:3      | Killed Crazy Yiuf
  4587 | D:4      | Noticed Duvessa
  4587 | D:4      | Noticed Dowan
  4601 | D:4      | Killed Duvessa
  4609 | D:4      | Reached skill level 5 in Axes
  4609 | D:4      | Reached skill level 5 in Dodging
  4621 | D:4      | Reached XP level 7. HP: 33/56 MP: 7/7
  4641 | D:4      | Killed Dowan
  4913 | D:4      | Noticed Eustachio
  4947 | D:4      | Killed Eustachio
  4947 | D:4      | Reached skill level 6 in Fighting
  5206 | D:4      | Noticed Blork the orc
  5217 | D:4      | Killed Blork the orc
  5249 | D:4      | Mangled by an ogre

Vault maps used:
D:1:      dpeg_arrival_prison
D:2:      minmay_door_path, st_stairs_6, uniq_natasha
D:3:      lemuel_crystal_altar, bloody_trog, okawaru_ov_weapons_minmay,
          uniq_crazy_yiuf_cottage, uniq_robin, uniq_terence
D:4:      first_ration, uniq_duvessa, uniq_eustachio, uniq_blork_the_orc

Skill      XL: |  1  2  3  4  5  6  7 |
---------------+----------------------+-----
Armour         | 1 2 3 4 |  4.7
Fighting       | 4 5 6 |  6.1
Axes           | 4 5 |  5.6
Dodging        | 4 5 |  5.6
Stealth        | |  1.7

Action                   |  1- 3 |  4- 6 |  7- 9 || total
-------------------------+-------+-------+-------++-------
Melee: Hand axe          |   129 |   218 |       ||   347
       War axe           |       |    92 |    73 ||   165
       Punch             |       |     2 |       ||     2
       Spear             |       |     9 |       ||     9
Invok: Heroism           |       |     3 |     4 ||     7
 Abil: Hop               |       |     1 |     1 ||     2
  Use: Potion            |       |       |     1 ||     1
 Stab: Sleeping          |     2 |     2 |       ||     4
  Eat: Chunk             |     1 |     9 |     1 ||    11
       Ration            |     1 |       |       ||     1
Armor: Robe              |    32 |     4 |       ||    36
       Chain mail        |       |   182 |    69 ||   251
Dodge: Dodged            |   109 |   147 |    38 ||   294

Table legend:
 A = Spawn XP
 B = Non-spawn XP
 C = Spawn XP percentage of total XP
 D = Spawn monster count
 E = Non-spawn monster count
 F = Spawn count percentage of total count
 G = Total turns spent on level
                    A         B        C        D         E        F      G
               +---------+---------+-------+---------+---------+-------+---------
         Total |       0 |    1066 |   0.0 |       0 |     106 |   0.0 |  5249
               +---------+---------+-------+---------+---------+-------+---------
           D:1 |       0 |      37 |   0.0 |       0 |      23 |   0.0 |  1769
           D:2 |       0 |     163 |   0.0 |       0 |      33 |   0.0 |  1444
           D:3 |       0 |     200 |   0.0 |       0 |      41 |   0.0 |  1303
           D:4 |       0 |     666 |   0.0 |       0 |       9 |   0.0 |   733
               +---------+---------+-------+---------+---------+-------+---------
